Map: Pillars of Gold LE

Players

Wantan - Winner!

  • Race: Zerg Zerg
  • Spawn Location: 1:00

SKs

  • Race: Terran Terran
  • League: Master
  • Spawn Location: 7:00

VOD

Have the link to the VOD?

Description

Time

  • Played on: Oct. 7, 2020, 2:10 p.m.
  • Length: 15:13
Show
View Real Time Build Order
Export as new Build Order

Wantan Zerg - Winner!

Build Orders: Pool First 

Get SALT Encoding   

  12  0:00  Drone  
  13  0:13  Overlord  
  13  0:18  Drone  
  14  0:24  Extractor  
  14  0:25  Drone  
  15  0:33  Drone  
  16  0:43  Spawning Pool  
  16  0:47  Drone  
  16  0:50  Drone  
  17  1:13  Hatchery  
  17  1:16  Drone  
  17  1:21  Extractor  
  17  1:22  Drone  
  17  1:30  Zergling x2  
  17  1:31  Zergling x2  
  19  1:39  Queen  
  19  1:46  Overlord  
  21  1:54  Drone  
  22  2:06  Drone  
  23  2:12  Drone  
  24  2:31  Drone x2  
  24  2:33  Metabolic Boost  
  26  2:37  Evolution Chamber  
  26  2:43  Drone x2  
  25  2:46  Drone  
  25  2:47  Drone  
  26  2:52  Queen  
  26  2:53  Drone  
  29  3:02  Zerg Melee Weapons Level 1  
  29  3:04  Drone x2  
  31  3:13  Drone x3  
  34  3:34  Hatchery  
  34  3:37  Roach Warren  
  32  3:42  Drone x2  
  32  3:43  Zergling x4  
  36  3:52  Overlord  
  36  4:13  Drone  
  36  4:14  Drone x2  
  36  4:15  Drone x5  
  43  4:20  Spore Crawler  
  43  4:21  Overlord  
  42  4:27  Spine Crawler  
  42  4:29  Queen  
  43  4:40  Evolution Chamber  
  43  4:41  Baneling Nest, Roach x2  
  43  4:42  Roach x2  
  49  4:47  Spore Crawler, Queen  
  49  4:51  Drone x2  
  52  4:58  Drone x4  
  56  5:01  Extractor  
  56  5:02  Extractor  
  56  5:03  Drone x2  
  56  5:20  Zergling x4  
  56  5:21  Spore Crawler  
  55  5:31  Drone x2  
  55  5:33  Overlord x2  
  55  5:34  Lair  
  50  5:50  Drone x7  
  50  5:52  Zerg Ground Armor Level 1  
  56  5:57  Queen x2  
  58  6:13  Zergling x10  
  61  6:25  Drone x6  
  63  6:26  Drone  
  63  6:27  Drone  
  66  6:33  Queen x3  
  72  6:43  Spore Crawler, Extractor  
  72  6:45  Hydralisk Den  
  69  6:48  Overlord  
  68  7:04  Drone x3  
  68  7:05  Drone x3  
  68  7:07  Drone  
  68  7:08  Drone x5  
  76  7:17  Zerg Missile Weapons Level 1  
  76  7:19  Muscular Augments  
  76  7:26  Drone x4  
  76  7:27  Drone  
  76  7:28  Overlord  
  81  7:30  Centrifical Hooks  
  81  7:35  Extractor  
  81  7:36  Extractor  
  79  7:37  Spine Crawler  
  79  7:39  Overlord  
  78  7:47  Hydralisk x2  
  78  7:48  Hydralisk x2  
  86  7:52  Overlord  
  86  8:04  Zerg Ground Armor Level 2  
  86  8:06  Overlord x3  
  86  8:09  Drone, Overlord  
  86  8:10  Drone  
  88  8:20  Zergling x2  
  88  8:21  Zergling x2  
  90  8:27  Drone  
  90  8:28  Drone, Overseer  
  90  8:31  Baneling x4, Grooved Spines, Overseer  
  90  8:32  Hatchery  
  90  8:33  Pneumatized Carapace  
  91  8:35  Hydralisk  
  91  8:37  Zergling x2  
  91  8:38  Drone  
  91  8:39  Drone  
  96  8:44  Drone  
  97  8:50  Drone x7  
  104  8:56  Hydralisk x2  
  108  9:03  Hydralisk x2, Overlord  
  108  9:09  Hydralisk, Overlord  
  114  9:20  Hydralisk x2, Overlord  
  114  9:21  Hydralisk  
  120  9:28  Zerg Melee Weapons Level 2  
  120  9:31  Hydralisk, Overlord  
  120  9:37  Zergling x10  
  120  9:38  Zergling x2  
  117  9:46  Hydralisk  
  117  9:47  Hydralisk, Infestation Pit  
  120  9:53  Spore Crawler  
  120  9:55  Spore Crawler  
  120  9:56  Spine Crawler  
  117  10:00  Drone x2, Spine Crawler x2  
  117  10:03  Zergling x2  
  117  10:04  Zergling x4  
  120  10:07  Hydralisk  
  120  10:08  Zergling x4  
  120  10:13  Drone  
  120  10:14  Drone x3  
  128  10:23  Baneling  
  128  10:24  Baneling x10  
  128  10:25  Hive  
  123  10:38  Hydralisk, Overlord  
  123  10:39  Hydralisk x5  
  135  10:48  Zergling x2, Overlord  
  135  10:49  Zergling x14  
  143  10:54  Evolution Chamber  
  142  11:06  Overlord  
  142  11:07  Zergling x6  
  142  11:08  Zergling x10  
  142  11:10  Drone x2  
  152  11:11  Drone  
  152  11:15  Hatchery  
  152  11:17  Zergling x2  
  152  11:18  Zergling x8  
  157  11:22  Zergling x6  
  157  11:23  Zergling x4  
  162  11:27  Zerg Missile Weapons Level 2  
  162  11:36  Baneling x6, Hydralisk x3  
  162  11:37  Hydralisk x2  
  168  11:55  Zerg Ground Armor Level 3, Adrenal Glands  
  168  11:58  Zergling x20  
  170  12:05  Zerg Melee Weapons Level 3  
  170  12:06  Ultralisk Cavern  
  166  12:15  Overlord  
  166  12:17  Zergling x20  
  166  12:22  Zergling x2  
  172  12:23  Overseer  
  172  12:26  Zergling x8  
  172  12:27  Zergling x6  
  172  12:29  Zergling x4  
  178  12:33  Hydralisk x2  
  178  12:35  Zergling x6  
  185  12:39  Baneling x2  
  182  12:48  Zergling x2  
  165  12:53  Zergling x6  
  165  12:54  Zergling x8, Viper x4  
  161  13:01  Ultralisk  
  157  13:08  Ultralisk  
  132  13:38  Ultralisk x2  
  132  13:39  Ultralisk, Queen x3  
  154  13:53  Ultralisk  
  148  14:03  Zergling x26  
  148  14:08  Zergling x2  
  148  14:09  Zergling x8  
  164  14:21  Drone  
  164  14:22  Drone x3  
  168  14:28  Zergling x6  
  168  14:31  Extractor  
  170  14:32  Extractor  
  169  14:41  Zergling x10  
  169  14:42  Zergling x2  
  169  14:43  Hatchery  
Show
View Real Time Build Order
Export as new Build Order

SKs Terran 

Build Orders: Reaper Expand, Hellion Banshee 

Get SALT Encoding   

  12  0:00  SCV  
  13  0:12  SCV  
  14  0:17  Supply Depot  
  14  0:24  SCV  
  15  0:39  SCV  
  15  0:40  Barracks  
  16  0:45  Refinery  
  16  0:51  SCV  
  17  1:03  SCV  
  18  1:15  SCV  
  19  1:29  Reaper  
  19  1:30  Orbital Command  
  20  1:44  Command Center  
  20  1:55  Supply Depot  
  20  1:57  SCV  
  20  2:01  Marine  
  22  2:11  SCV  
  23  2:15  Bunker  
  23  2:18  Marine  
  23  2:22  Factory  
  22  2:37  Barracks Reactor  
  21  2:50  SCV  
  21  3:02  SCV  
  21  3:04  Refinery  
  22  3:09  Starport  
  22  3:12  Orbital Command  
  22  3:14  SCV  
  23  3:20  Hellion x2  
  23  3:24  Barracks Tech Lab  
  23  3:27  SCV  
  28  3:39  SCV  
  29  3:43  Hellion x2  
  29  3:45  SCV  
  34  3:51  Supply Depot  
  34  3:52  SCV  
  35  4:00  Banshee  
  38  4:14  Cloaking Field  
  38  4:15  Hellion  
  38  4:16  Hellion  
  41  4:18  SCV  
  41  4:20  SCV  
  43  4:27  Supply Depot  
  43  4:30  SCV  
  44  4:32  SCV  
  44  4:36  Armory  
  45  4:42  SCV  
  45  4:44  SCV  
  47  4:46  Banshee  
  47  4:51  Supply Depot  
  47  4:52  Hellion  
  52  4:55  Hellion  
  54  5:00  SCV  
  54  5:01  Barracks Tech Lab  
  54  5:02  SCV  
  56  5:13  SCV  
  57  5:16  Supply Depot  
  55  5:27  Hellion  
  55  5:28  Hellion  
  56  5:39  Marine  
  56  5:40  Banshee  
  52  5:50  Stimpack  
  52  5:52  Barracks x2  
  52  5:56  Command Center  
  50  5:57  Marine  
  51  6:15  Marine  
  51  6:16  Hellion x2  
  47  6:29  SCV x2  
  47  6:32  Barracks, Marine, Refinery  
  47  6:33  Refinery  
  47  6:36  Starport Reactor  
  48  6:41  SCV x2  
  50  6:51  Factory Tech Lab  
  50  6:52  Barracks Tech Lab  
  50  6:53  SCV x2  
  52  7:05  SCV  
  49  7:08  Marine  
  49  7:09  SCV  
  49  7:10  Orbital Command  
  49  7:12  Siege Tank  
  51  7:17  SCV, Engineering Bay  
  51  7:18  Engineering Bay  
  51  7:19  Marauder  
  51  7:21  SCV  
  55  7:23  Supply Depot  
  55  7:26  Marine  
  55  7:29  Medivac x2  
  61  7:30  SCV  
  61  7:33  SCV  
  62  7:45  Terran Infantry Weapons Level 1, Terran Infantry Armor Level 1  
  62  7:47  Combat Shield  
  62  7:48  Concussive Shells  
  62  7:49  Marauder x2  
  66  7:57  Siege Tank, Marauder  
  71  8:04  SCV x2  
  73  8:06  Orbital Command  
  73  8:10  Medivac  
  75  8:16  SCV x2  
  77  8:28  SCV x2  
  77  8:32  SCV  
  82  8:34  Marine x2, Marauder x3  
  82  8:37  Siege Tank  
  82  8:40  SCV x2  
  93  8:43  Medivac x2  
  93  8:44  SCV  
  98  8:52  Marine x2, SCV  
  98  8:53  Terran Vehicle Weapons Level 1  
  101  8:59  Refinery  
  101  9:01  Refinery  
  101  9:04  SCV x3  
  101  9:05  Supply Depot  
  101  9:07  Marauder x2  
  108  9:14  Marine, Supply Depot  
  108  9:15  Supply Depot  
  109  9:20  Supply Depot  
  109  9:26  Marine, Siege Tank, SCV x2, Marauder  
  117  9:32  Marine, Medivac  
  117  9:35  Marauder  
  117  9:37  Supply Depot  
  115  9:39  Marine  
  115  9:43  Barracks, SCV  
  115  9:45  Barracks, Factory  
  114  9:48  Marauder  
  114  9:50  Marauder  
  118  9:56  Marine, Marauder  
  118  9:57  Marine  
  118  9:59  Terran Infantry Weapons Level 2, Terran Infantry Armor Level 2  
  122  10:00  SCV x2  
  122  10:02  Supply Depot  
  122  10:04  Supply Depot  
  124  10:09  Marine, Siege Tank  
  124  10:11  Marine  
  124  10:13  Marine  
  130  10:15  Marine, SCV  
  130  10:17  SCV x2, Supply Depot  
  134  10:25  Marauder  
  134  10:27  Marauder  
  138  10:28  Medivac x2  
  136  10:40  Factory Tech Lab  
  136  10:41  Siege Tank, Barracks Tech Lab  
  136  10:42  Barracks Tech Lab  
  139  10:43  Marauder  
  139  10:47  Marauder  
  139  10:48  Marine  
  144  11:00  Terran Vehicle Weapons Level 2  
  144  11:01  SCV, Marauder, Barracks Reactor  
  144  11:02  Marauder  
  149  11:04  Marauder  
  149  11:06  Marauder  
  149  11:11  Siege Tank  
  156  11:12  Command Center x2  
  156  11:13  Siege Tank  
  159  11:42  Marauder x3  
  159  11:43  Siege Tank  
  159  11:46  Marine  
  168  11:49  Marine x3  
  164  12:03  Marine x3  
  164  12:04  Marine  
  164  12:06  Marine  
  164  12:07  Marine x2  
  168  12:13  SCV  
  169  12:18  Command Center  
  169  12:19  Command Center  
  169  12:21  Marine x3  
  169  12:22  Marine  
  173  12:24  Marine x3  
  176  12:39  Marine x4  
  176  12:42  Marine x3  
  163  12:56  Marine  
  163  12:57  Marine x3  
  141  13:00  Marine x2  
  125  13:45  Marine x3  
  125  13:46  Marine x3  
  118  13:50  Marine  
  118  13:52  SCV  
  118  13:54  SCV  
  116  13:58  Command Center  
  112  14:03  Marine x3  
  112  14:04  Marine  
  112  14:08  Marine  
  112  14:09  Marine x2  
  115  14:19  SCV  
  115  14:20  SCV  
  115  14:21  Marine  
  118  14:30  Supply Depot x2  
  118  14:34  Marine, Siege Tank x2, SCV  
  126  14:49  SCV  
Tags
 
Add a new tag
Caveats
  • Supply blocks, unpowered buildings, or Contaminate may cause inaccurate times.
  • Supply counts are checked every 10 seconds.